Unix NetHack Version 5.0.0-0 post-release - last build May 17 2026 04:57:42 (dc50c8380fa5e20985bfe3072449f57b8d9895ef,branch:main).

Game began 2026-05-17 21:18:53, ended 2026-05-17 21:25:30.

Brudee, chaotic female human Monk

                    ...
                    .@.
                    ---

Brudee the Candidate            St:18 Dx:13 Co:14 In:8 Wi:12 Ch:10  Chaotic S:330
Dlvl:5  $:0  HP:0(22) Pw:14(14) AC:4  Xp:2/30 T:623  Fly

Latest messages:
 You succeed in unlocking the box.
 q - a puce potion.
 r - a short wand.
 You kill the gecko!
 You see here a food ration.
 You learn more about your items by comparing them.
 f - an uncursed food ration (7 in total).
 You hear the chime of a cash register.
 You find a hidden passage.
 You swap places with Sparky.
 What do you want to zap? [r or ?*] ?
 In what direction? k
 What do you want to zap? [r or ?*] r
 In what direction? y
 Cubask shouts:
 "Who dared dig into my shop?"
 You hear a chugging sound.
 You swap places with Sparky.
 You hear a nearby zap.
 The wand misses you.
 You hear a nearby zap.
 The wand hits Sparky!
 Sparky is killed!
 The wand misses you.
 You hear a nearby zap.
 The wand misses you.
 Cubask zaps an aluminum wand!
 The wand hits you!
 What do you want to zap? [r or ?*] r
 In what direction? >
 You dig a hole through the floor.
 Cubask zaps a wand of striking!
 The wand misses you.
 You swoop down into the gaping hole!
 Cubask zaps a wand of striking!
 The wand misses you.
 You fly down the stairs.
 Cubask zaps a wand of striking!
 The wand misses you.
 Cubask zaps a wand of striking!
 The wand misses you.
 What do you want to drink? [deq or ?*] e
 You feel better.
 Cubask hits!
 Cubask hits again!
 Cubask hits!
 You die...
 Cubask takes all your possessions.
 Do you want to see what you had when you died? [ynq] (y) y
 Do you want to see your attributes? [ynq] (y) q

Inventory:
 Amulets  ('"')
  o - an uncursed amulet of flying (being worn)
 Armor    ('[')
  a - an uncursed +2 pair of leather gloves (being worn)
  b - a blessed +1 robe (being worn)
 Comestibles  ('%')
  g - 6 uncursed apples
  f - 7 uncursed food rations
  i - 3 uncursed fortune cookies
  h - 6 uncursed oranges
  n - 2 uncursed lichen corpses
 Scrolls  ('?')
  c - an uncursed scroll of identify
 Spellbooks  ('+')
  j - a blessed spellbook of healing
 Potions  ('!')
  q - an uncursed potion of extra healing
  d - 2 uncursed potions of healing
 Rings    ('=')
  m - an uncursed ring of protection from shape changers (on right hand)
 Wands    ('/')
  r - a wand of digging (0:4)
 Tools    ('(')
  k - a magic marker (0:22)
  p - an uncursed skeleton key
 Gems/Stones  ('*')
  l - an uncursed worthless piece of black glass

Brudee the Monk's attributes:

Background:
 You were a Candidate, a level 2 female human Monk.
 You were chaotic, on a mission for Huan Ti
 who was opposed by Shan Lai Ching (lawful) and Chih Sung-tzu (neutral).
 You were right-handed.
 You were in the Gnomish Mines, on level 5.
 You entered the dungeon 623 turns ago.
 There was a new moon in effect when your adventure ended.
 You had 30 experience points, 10 more were needed to attain level 3.
 Your score was 330 before end-of-game adjustments.

Basics:
 You had 0 out of 22 hit points.
 You had all 14 energy points (spell power).
 Your armor class was 4.
 Your wallet was empty.
 Autopickup was on for '$!=+?/"' plus thrown.

Final Characteristics:
 Your strength was 18 (limit:18/100).
 Your dexterity was 13 (limit:18).
 Your constitution was 14 (limit:18).
 Your intelligence was 8 (limit:18).
 Your wisdom was 12 (limit:18).
 Your charisma was 10 (limit:18).

Final Status:
 You were flying.
 You weren't hungry.
 You were unencumbered.
 You were empty handed.
 You had basic skill with martial arts.

Final Attributes:
 You were fervently aligned.
 You were sleep resistant.
 You saw invisible.
 You were guarded.
 Your spell casting was enhanced by wearing a robe.
 You were protected from shape changers.
 You were fast.
 You are dead.

Miscellaneous:
 You encountered 1 bones level.
 Total elapsed playing time was 6 minutes and 35 seconds.

Major events:
 Turn
    1: Brudee the chaotic female human Monk entered the dungeon
  622: entered the Gnomish Mines
  623: killed by Mr. Cubask; the shopkeeper

Spells:
 Name                 Level Category     Fail Retention
 healing                1   healing        0%  91%-100%

Skills:
 Fighting Skills
   martial arts       [Basic]
 Weapon Skills
   quarterstaff       [Unskilled]
   spear              [Unskilled]
   crossbow           [Unskilled]
   shuriken           [Unskilled]
 Spellcasting Skills
   attack spells      [Unskilled]
   healing spells     [Basic]
   divination spells  [Unskilled]
   enchantment spells [Unskilled]
   clerical spells    [Unskilled]
   escape spells      [Unskilled]
   matter spells      [Unskilled]

Voluntary challenges:
 Character rerolling was not enabled.
 You went without food.
 You were an atheist.
 You never hit with a wielded weapon.
 You were illiterate.
 You never genocided any monsters.
 You never polymorphed an object.
 You never changed form.
 You used no wishes.
Achievement:
 You entered the Gnomish Mines.

 The Dungeons of Doom: levels 1 to 4
    Level 1:
    Level 2:
    Level 3:
    Level 4:
       Stairs down to The Gnomish Mines.
 The Gnomish Mines:
    Level 5: <- You were here.
       Final resting place for
          you, killed by Mr. Cubask; the shopkeeper,
          maikkel-Pri-Elf-Mal-Cha, killed by a dwarf.


Vanquished creatures:
  a kitten
  a yellow mold
  2 geckos
  a goblin
  a sewer rat
  a grid bug
  3 lichens
  a kobold zombie
  2 newts
13 creatures vanquished.

No species were genocided or became extinct.

Game over:
                       ----------
                      /          \
                     /    REST    \
                    /      IN      \
                   /     PEACE      \
                  /                  \
                  |      Brudee      |
                  |       0 Au       |
                  |  killed by Mr.   |
                  |   Cubask; the    |
                  |    shopkeeper    |
                  |                  |
                  |       2026       |
                 *|     *  *  *      | *
        _________)/\\_//(\/(/\)/\//\/|_)_______

Goodbye Brudee the Monk...

You died in The Gnomish Mines on dungeon level 5 with 330 points,
and 0 pieces of gold, after 623 moves.
You were level 2 with a maximum of 22 hit points when you died.

